 Dungeon Crawl Stone Soup version 0.26.0-10-g1f06aea511 (webtiles) character file.

Game seed: 11754910304977095693

5 Goblin1989 the Sneak (level 1, -2/18 HPs)
             Began as a Demonspawn Delver on Jan 17, 2021.
             Was an Initiate of Wu Jian.
             Slain by a worker ant (6 damage)
             ... on level 5 of the Dungeon.
             The game lasted 00:03:32 (129 turns).

Goblin1989 the Sneak (Demonspawn Delver)             Turns: 129, Time: 00:03:32

Health: -2/18      AC:  3    Str: 12    XL:     1   Next: 66%
Magic:  1/1        EV: 12    Int: 11    God:    Wu Jian [......]
Gold:   0          SH:  0    Dex: 14    Spells: 0/0 levels left

rFire    . . .     SeeInvis .   a - +0 short sword
rCold    . . .     Faith    .   (no shield)
rNeg     . . .     Spirit   .   b - +0 leather armour
rPois    .         Reflect  .   (no helmet)
rElec    .         Harm     .   (no cloak)
rCorr    .         Rampage  .   (no gloves)
Will     .....                  (no boots)
Stlth    +++.......             (no amulet)
HPRegen  0.06/turn              (no ring)
MPRegen  0.07/turn              (no ring)

@: lethally poisoned (-2 -> -4), hasted, very quick
A: no striking features
a: Renounce Religion


You were on level 5 of the Dungeon.
You worshipped Wu Jian.
Wu Jian was noncommittal.
You visited 2 branches of the dungeon, and saw 2 of its levels.

Inventory:

Hand Weapons
 a - a +0 short sword (weapon)
Missiles
 N - 15 sling bullets
Armour
 b - a +0 leather armour (worn)
Wands
 g - a wand of digging (3) {@v1}
Scrolls
 c - a scroll of fog
 M - a scroll of magic mapping


   Skills:
 - Level 3.0 Fighting
 + Level 2.0 Short Blades
 - Level 1.7 Dodging
 + Level 4.6 Stealth


You couldn't memorise any spells.
You didn't know any spells.
Your spell library was empty.

Dungeon Overview and Level Annotations

Branches:
Dungeon (5/15)             Temple (1/1) D:5

Altars:
Cheibriados
Gozag
Hepliaklqana
Nemelex Xobeh
Okawaru
Qazlal
Ru
Vehumet
Wu Jian
The Shining One


Message History

You kill the jackal!
Things that are here:
a jackal corpse; a jackal corpse An adder comes into view.
Okay, then.
Found 15 gold pieces.
There is a staircase to the Ecumenical Temple here.
The adder barely misses you.
You climb downwards.
Welcome to the Ecumenical Temple!
Found an opulent altar of Gozag and a sacrificial altar of Ru.
There is a staircase back to the Dungeon here.
Found two altars.
Found an iron altar of Okawaru and a stormy altar of Qazlal.
You enter the shallow water.
Moving in this stuff is going to be slow.
Found a radiant altar of Vehumet and a snail-covered altar of Cheibriados.
You enter the shallow water.
Moving in this stuff is going to be slow.
You enter the shallow water.
Moving in this stuff is going to be slow.
Found a sparkling altar of Nemelex Xobeh.
You enter the shallow water.
Moving in this stuff is going to be slow.
Found a faded altar of an unknown god and a hazy altar of Hepliaklqana.
You enter the shallow water.
Moving in this stuff is going to be slow.
You enter the shallow water.
Moving in this stuff is going to be slow.
You enter the shallow water.
Moving in this stuff is going to be slow.
You enter the shallow water.
Moving in this stuff is going to be slow.
You enter the shallow water.
Moving in this stuff is going to be slow.
You enter the shallow water.
Moving in this stuff is going to be slow.
You enter the shallow water.
Moving in this stuff is going to be slow.
You enter the shallow water.
Moving in this stuff is going to be slow.
You enter the shallow water.
Moving in this stuff is going to be slow.
You enter the shallow water.
Moving in this stuff is going to be slow.
There is an ornate altar of the Wu Jian Council here.
You kneel at the altar of Wu Jian.
The Council welcomes you!
You can now perform damaging attacks by moving towards foes.
Health restored: 18 Unknown command.
Press < or > to pray at altars.
Unknown command.
Press < or > to pray at altars.
Unknown command.
Press < or > to pray at altars.
There is a staircase back to the Dungeon here.
You climb upwards.
The adder bites you.
You are poisoned.
The adder poisons you! The adder bites you.
You are more poisoned.
The adder poisons you!
There is a staircase to the Ecumenical Temple here.
You take 4 damage, and have 14/18 hp.
MASSIVE DAMAGE!!
As you read the scroll of fear, it crumbles to dust.
You assume a fearsome visage.
The adder looks frightened!
You feel sick.
You take 1 damage, and have 13/18 hp.
You feel sick.
You take 1 damage, and have 12/18 hp.
You feel sick.
Found a chain mail.
You take 1 damage, and have 11/18 hp.
You feel sick.
You feel sick.
You take 1 damage, and have 10/18 hp.
Unknown command.
You feel sick.
You take 1 damage, and have 9/18 hp.
You see here a chain mail.
You feel sick.
You take 1 damage, and have 8/18 hp.
You feel sick.
You take 1 damage, and have 7/18 hp.
You feel sick.
You take 1 damage, and have 6/18 hp.
You feel sick.
You take 1 damage, and have 5/18 hp.
Found an escape hatch in the floor.
You feel sick.
You take 1 damage, and have 4/18 hp.
There is an escape hatch in the floor here.
A worker ant comes into view.
You feel sick. The worker ant closely misses you.
You take 1 damage, and have 4/18 hp.
You hit the worker ant.
The worker ant is moderately wounded.
The worker ant barely misses you.
You closely miss the worker ant.
The worker ant is moderately wounded.
The worker ant bites you but does no damage.
You feel yourself speed up. The worker ant bites you.
You die...

███████...
█.@B.....█
█.██████.██
█..>.......
█.███......
█.█ ██.█. ..
█.█ █.. █.█
█.██.█..█ █..
█.█
█....█..██
█.█ █.█
..█.█..█.██.█


You could see a worker ant.

Vanquished Creatures
  4 jackals (D:5)
4 creatures vanquished.

Notes
Turn   | Place    | Note
-------+----------+-------------------------------------------
     0 | D:5      | Goblin1989 the Demonspawn Delver began the quest for the
                  | Orb.
     0 | D:5      | Reached XP level 1. HP: 18/18 MP: 1/1
     3 | D:5      | Found a staircase to the Ecumenical Temple.
    47 | Temple   | Entered the Ecumenical Temple
    91 | Temple   | Became a worshipper of the Wu Jian Council
   125 | D:5      | Noticed a worker ant
   129 | D:5      | Slain by a worker ant

Illustrated notes

Levels and vault maps discovered:
D:5:      layout_loops_ring, minmay_temple_entry_slanted
Temple:   chequers_temple_sunken

Skill      XL: |  1 |
---------------+----+-----
Short Blades   | 2 |  2.0
Fighting       | |  3.0
Dodging        | |  1.7
Stealth        | |  4.6

Action                   || total
-------------------------++-------
Melee: Short sword       ||    25
  Use: Scroll            ||     1
       Potion            ||     1
Armor: Leather armour    ||     7
Dodge: Dodged            ||    18
